 Dungeon Crawl Stone Soup version 0.20.1-1-g8b1a95d66d (webtiles) character file.

209 NullDivider the Vexing (level 5, -4/21 HPs)
             Began as a Felid Enchanter on Nov 15, 2017.
             Was an Initiate of Dithmenos.
             Slain by a slave (10 damage)
             ... led by Pikel
             ... on level 4 of the Dungeon.
             The game lasted 00:48:41 (6645 turns).

NullDivider the Vexing (Felid Enchanter)            Turns: 6645, Time: 00:48:41

Health: -4/21      AC:  1    Str:  8    XL:     5   Next: 55%
Magic:  10/10      EV: 19    Int: 18    God:    Dithmenos [......]
Gold:   162        SH:  0    Dex: 16    Spells: 4/10 levels left
                                        Lives:  0   Deaths: 1

rFire    . . .     SeeInvis +     - Unarmed
rCold    . . .     Gourm    .   (shield unavailable)
rNeg     . . .     Faith    .   (armour unavailable)
rPois    .         Spirit   .   (helmet unavailable)
rElec    .         Reflect  .   (cloak unavailable)
rCorr    .         Harm     .   (gloves unavailable)
MR       .....                  (boots unavailable)
Stlth    ++........             (no amulet)
Regen    0.1/turn               g - ring of flight
MPRegen  0.2/turn               l - +4 ring of strength

@: confused, quick
A: no armour, no weapons or thrown items, stealth, claws 1, fangs 3, see
invisible, carnivore 3, speed 1, shaggy fur 1, slow metabolism 1, sharp paws
a: Renounce Religion, Evoke Flight


You were on level 4 of the Dungeon.
You worshipped Dithmenos.
Dithmenos was noncommittal.
You were completely stuffed.

You visited 2 branches of the dungeon, and saw 5 of its levels.

You collected 162 gold pieces.

Inventory:

Jewellery
 g - a ring of flight (left paw)
 l - a +4 ring of strength (right paw)
Scrolls
 e - a scroll of noise {unknown}
 f - 2 scrolls of teleportation {unknown}
 k - 2 scrolls of remove curse {unknown}
 m - 2 scrolls of identify {unknown}
 n - a scroll of random uselessness {unknown}
 q - 2 scrolls of enchant armour {unknown}
 r - a scroll of enchant weapon {unknown}
 s - a scroll of magic mapping {unknown}
Potions
 c - a potion of degeneration {unknown}
 d - a potion of mutation {unknown}
 h - a potion of lignification {unknown}
 i - a potion of ambrosia
 j - a potion of heal wounds {unknown}
 o - a potion of berserk rage {unknown}
 p - a potion of brilliance {unknown}
Books
 a - a book of Maledictions

   Spells                             Type                      Level
   a - Corona                         Hexes                        1
   b - Ensorcelled Hibernation        Hexes/Ice                    2
   c - Confuse                        Hexes                        3
   d - Tukima's Dance                 Hexes                        3
   e - Dazzling Spray                 Conjuration/Hexes            3
Comestibles
 b - 4 meat rations


   Skills:
 + Level 3.5 Dodging
 + Level 5.3 Stealth
 + Level 2.1 Unarmed Combat
 * Level 3.0 Spellcasting
 * Level 6.6 Hexes
 * Level 2.0 Ice Magic


You had 4 spell levels left.
You knew the following spells:

 Your Spells              Type           Power        Failure   Level  Hunger
a - Corona                Hex            ####...      1%          1    None
b - Ensorcelled Hibernat  Hex/Ice        ###...       4%          2    ##.....
c - Tukima's Dance        Hex            ####....     3%          3    ###....


Dungeon Overview and Level Annotations

Branches:
Dungeon (4/15)             Temple (1/1) D:4

Altars:
Ashenzari
Cheibriados
Dithmenos
Elyvilon
Fedhas
Gozag
Hepliaklqana
Makhleb
Okawaru
Ru
Uskayaw
Xom
Zin
The Shining One

Shops:
D:4 =

Annotations:
D:4 Pikel


Innate Abilities, Weirdness & Mutations

You cannot wear armour.
You are incapable of wielding weapons or throwing items.
Your paws allow you to move quietly. (Stealth)
You have sharp claws.
You have razor-sharp teeth.
You have supernaturally acute eyesight. (SInv)
You are carnivorous and can eat meat at any time.
You cover ground quickly.
You are covered in fur. (AC +1)
You have a slow metabolism.
Your sharp claws are effective at attacking unaware monsters.


Message History

You scratch the slave but do no damage. Your bite misses the slave.
The slave is heavily wounded.
The slave closely misses you. The slave barely misses you. The slave hits you.
You scratch the slave.
The slave is severely wounded.
The slave closely misses you. The slave misses you. The slave hits you.
* * * LOW HITPOINT WARNING * * *
It was a potion of ambrosia.
You are confused.
You feel invigorated. The slave misses you. The slave closely misses you.
The slave misses you.
You bump into the rock wall.
The slave hits you.
* * * LOW HITPOINT WARNING * * *
The slave closely misses you. x2
You bump into the rock wall.
The slave hits you!
* * * LOW HITPOINT WARNING * * *
The slave closely misses you. x2
You bump into the rock wall.
The slave completely misses you. The slave hits you!
You die...

#.....###...## #.....####.##
##.....# #.## #.....# #..#
##....####.# #####.........#
..............#
...............###
(..............p@########
#############..#pp......#########
# #..####..#.#.#.#.#.#.# ##
#..######.#.#.#.#.#.## .#
#..##..####.#p#.#.#.#.# .#####
##.##.....#.#.#.#.#.#.## .#.#.###
#..#.......#.#.#.#.#p#..
.......###...p.......#p#.#.#.#.##
.#.#.#.##.........(.#.#.#.#.#.#..


You could see 3 slaves.

Vanquished Creatures
  An ogre (D:4)
  A worker ant (D:4)
  4 adders (D:2)
  4 gnolls
  2 worms (D:2)
  4 dart slugs
  2 leopard geckos
  12 orcs
  4 giant cockroaches
  4 goblins
  6 hobgoblins
  2 jackals (D:2)
  6 kobolds
  3 quokkas
  3 ball pythons
  12 bats
  4 frilled lizards
  6 rats
80 creatures vanquished.

Vanquished Creatures (collateral kills)
  4 orcs
  A goblin (D:2)
  A hobgoblin (D:2)
6 creatures vanquished.

Vanquished Creatures (others)
  2 dancing weapons (D:3)
2 creatures vanquished.

Grand Total: 88 creatures vanquished

Notes
Turn   | Place    | Note
-------+----------+-------------------------------------------
     0 | D:1      | NullDivider the Felid Enchanter began the quest for the Orb.
     0 | D:1      | Reached XP level 1. HP: 7/7 MP: 4/4
   180 | D:1      | Found an iron altar of Okawaru.
   288 | D:1      | Reached XP level 2. HP: 11/11 MP: 6/6
   294 | D:1      | Learned a level 2 spell: Ensorcelled Hibernation
   576 | D:1      | Reached skill level 5 in Hexes
   935 | D:1      | Reached XP level 3. HP: 14/14 MP: 7/7
  1270 | D:1      | Learned a level 3 spell: Tukima's Dance
  1352 | D:2      | Found a faded altar of an unknown god.
  2201 | D:2      | Reached XP level 4. HP: 18/18 MP: 1/8
  2276 | D:2      | Reached skill level 1 in Ice Magic
  4438 | D:3      | Reached skill level 5 in Stealth
  5120 | D:4      | Reached XP level 5. HP: 21/21 MP: 9/9
  5167 | D:4      | Noticed an ice beast
  5192 | D:4      | Found a staircase to the Ecumenical Temple.
  5209 | D:4      | Slain by an ice beast
  5210 | D:4      | Reached XP level 4. HP: -1/18 MP: 1/8
  5529 | D:4      | Reached skill level 6 in Hexes
  5562 | D:4      | Noticed a slave
  5959 | Temple   | Entered the Ecumenical Temple
  6000 | Temple   | Became a worshipper of Dithmenos the Shadowed
  6225 | D:4      | Found Qif Vone's Jewellery Emporium.
  6250 | D:4      | Noticed an ogre
  6271 | D:4      | Killed an ogre
  6271 | D:4      | Reached XP level 5. HP: 21/21 MP: 2/10
  6415 | D:4      | Noticed a slave
  6417 | D:4      | Noticed Pikel
  6418 | D:4      | Noticed a slave
  6497 | D:4      | Noticed a slave
  6645 | D:4      | Slain by a slave

Skill      XL: |  1  2  3  4  5 |
---------------+----------------+-----
Hexes          | 5 6 |  6.6
Dodging        | 3 |  3.5
Ice Magic      | 1 2 |  2.0
Stealth        | 5 |  5.3
Unarmed Combat | 2 |  2.1
Spellcasting   | 3 |  3.0

Action                   |  1- 3 |  4- 6 || total
-------------------------+-------+-------++-------
Melee: Unarmed           |    83 |   125 ||   208
       Bite              |     6 |     8 ||    14
 Cast: Corona            |     9 |    13 ||    22
       Ensorcelled Hiber |    17 |    35 ||    52
       Tukima's Dance    |     2 |    11 ||    13
  Use: Potion            |       |     1 ||     1
 Stab: Sleeping          |    20 |    31 ||    51
       Distracted        |       |     2 ||     2
  Eat: Chunk             |    11 |    17 ||    28
Armor: Skin              |     2 |     8 ||    10
Dodge: Dodged            |    60 |   128 ||   188
